 Dungeon Crawl Stone Soup version 0.30-a0-223-gcb0039aa0c (webtiles) character file.

Game seed: 12630283343678460452

644 qw the Chopper (level 7, -5/43 HPs)
             Began as a Gargoyle Fighter on Oct 9, 2022.
             Slain by a wyvern (6 damage)
             ... on level 7 of the Dungeon.
             The game lasted 00:01:14 (3188 turns).

qw the Chopper (Gargoyle Fighter)                   Turns: 3188, Time: 00:01:14

Health: -5/43      AC: 17    Str: 21    XL:     7   Next: 52%
Magic:  7/7        EV:  7    Int:  9    God:
Gold:   125        SH:  5    Dex: 15    Spells: 6/6 levels left

rFire   . . .      SeeInvis .    Y - +0 war axe
rCold   . . .      Faith    .    c - +0 buckler
rNeg    + . .      Spirit   .    a - +0 chain mail
rPois   inf        Reflect  .    (no helmet)
rElec   +          Harm     .    (no cloak)
rCorr   .          Rampage  .    n - +1 pair of gloves
Will    .....                    h - +0 pair of boots
Stlth   ..........               (no amulet)
HPRegen 0.27/turn                l - +6 ring of dexterity
MPRegen 0.10/turn                (no ring)

@: no status effects
A: sickness immunity, AC +4, negative energy resistance 1, electricity
resistance, torment resistance 1, petrification resistance
a: no special abilities


You were on level 7 of the Dungeon.
You visited 1 branch of the dungeon, and saw 5 of its levels.

You collected 170 gold pieces.
You spent 45 gold pieces at shops.


Innate Abilities, Weirdness & Mutations

You are immune to sickness and miasma.
Your stone body is resilient. (AC +4)
You are immune to poison.
You resist negative energy. (rN+)
You are resistant to electric shocks. (rElec)
You are resistant to unholy torment.
You are immune to petrification.


   Skills:
 - Level 4.0 Fighting
 + Level 6.9 Axes
 - Level 1.0 Throwing
 - Level 3.2 Armour
 - Level 1.0 Dodging
 - Level 3.2 Shields


You had 6 spell levels left.
You didn't know any spells.
Your spell library was empty.

Inventory:

Hand Weapons
 i - a +0 whip
 Y - a +0 war axe (weapon)
Armour
 a - a +0 chain mail (worn)
 c - a +0 buckler (worn)
 h - a +0 pair of boots (worn)
 n - a +1 pair of gloves (worn)
Jewellery
 l - a +6 ring of dexterity (left hand)
 o - a ring of magical power
Scrolls
 b - a scroll of vulnerability {unknown}
 p - 4 scrolls of magic mapping {unknown}
 r - a scroll of noise {unknown}
 s - a scroll of identify
Potions
 d - a potion of might
 e - a potion of brilliance {unknown}
 f - a potion of magic {unknown}
 g - a potion of attraction {unknown}
 j - 3 potions of invisibility {unknown}
 k - a potion of berserk rage {unknown}
 m - a potion of lignification

Dungeon Overview and Level Annotations

Branches:
Dungeon (4/15)
 Temple: D:4-7

Altars:
Yredelemnul

Shops:
D:3 [

Annotations:
D:4 3 runed translucent doors, qw's ghost, amateur GrFi


Message History

The wyvern bites you but does no damage. x2
You closely miss the wyvern.
The wyvern is moderately wounded.
You block the wyvern's attack. x2
You hit the wyvern but do no damage.
The wyvern is moderately wounded.
The wyvern bites you but does no damage.
The wyvern bites you!
You barely miss the wyvern.
The wyvern is moderately wounded.
The wyvern bites you.
You hit the wyvern but do no damage.
The wyvern is moderately wounded.
The wyvern bites you! x2
You hit the wyvern.
The wyvern is moderately wounded.
The wyvern barely misses you.
The wyvern bites you but does no damage.
You hit the wyvern but do no damage.
The wyvern is moderately wounded.
You block the wyvern's attack. x2
You closely miss the wyvern.
The wyvern is moderately wounded.
The wyvern bites you but does no damage.
You hit the wyvern.
The wyvern is moderately wounded.
The wyvern bites you but does no damage. x2
You closely miss the wyvern.
The wyvern is moderately wounded.
You block the wyvern's attack. The wyvern bites you.
You hit the wyvern but do no damage.
The wyvern is moderately wounded.
The wyvern closely misses you. The wyvern bites you.
You closely miss the wyvern.
The wyvern is moderately wounded.
The wyvern bites you.
You barely miss the wyvern.
The wyvern is moderately wounded.
The wyvern bites you.
You die...

............#
.......#.##.#
............#
....(..#....# # #
.......#....# (#.
###.##.#....# ##(##
..#.........# ...
.#####.#....####l####...
.## #.#......#.@.......
..# #......#.#.#.......
..# #####.####.#.......
..########.#....#......#
..##..........###......#
+###...............###.#
.# #................ .
.###..........#....#
.....##########....#


You could see a wyvern.

Vanquished Creatures
  Grinder (D:3)
  An ogre (D:7)
  A bullfrog (D:7)
  A water moccasin zombie (D:4)
  A hound (D:3)
  An iguana (D:4)
  Ijyb (D:4)
  2 hound zombies (D:4)
  4 adders (D:4)
  An adder zombie (D:4)
  A worm (D:2)
  3 dart slugs
  3 orcs (D:4)
  7 bats
  6 endoplasms
  3 giant cockroaches
  6 goblins
  6 hobgoblins
  4 jackals (D:2)
  13 kobolds
  3 quokkas
  6 ball pythons
  4 frilled lizards
  9 rats
88 creatures vanquished.

Vanquished Creatures (others)
  A plant (D:4)
1 creature vanquished.

Grand Total: 89 creatures vanquished

Notes
Turn   | Place    | Note
-------+----------+-------------------------------------------
     0 | D:1      | qw the Gargoyle Fighter began the quest for the Orb.
     0 | D:1      | Reached XP level 1. HP: 14/14 MP: 1/1
     0 | D:1      | 0 ||| qw: Version: 0.2-a-17-g06abaee
     0 | D:1      | 0 ||| qw: Game counter: 2218
     0 | D:1      | 0 ||| qw: Always use a shield: true
     0 | D:1      | 0 ||| qw: God list: Okawaru
     0 | D:1      | 0 ||| qw: Allow faded altars: false
     0 | D:1      | 0 ||| qw: Do Orc after D:15 true
     0 | D:1      | 0 ||| qw: Do second Lair branch before Depths: true
     0 | D:1      | 0 ||| qw: Lair rune preference: random
     0 | D:1      | 0 ||| qw: Plans: Normal, Zot:1-4, God:TSO, Crypt, Tomb,
                  | Pan, Slime:5, Hells, Abyss, Orb
     0 | D:1      | 0 ||| PLANNING D:1-11
    20 | D:1      | Reached skill level 2 in Axes
   134 | D:1      | Found a faded altar of an unknown god.
   143 | D:1      | Reached XP level 2. HP: 16/19 MP: 2/2
   259 | D:1      | 259 ||| Stepping ~*~*~tactically~*~*~ (stealth).
   260 | D:1      | 260 ||| Stepping ~*~*~tactically~*~*~ (stealth).
   459 | D:1      | Reached skill level 3 in Axes
   470 | D:1      | Reached XP level 3. HP: 23/23 MP: 3/3
   511 | D:1      | 511 ||| Stepping ~*~*~tactically~*~*~ (stealth).
   513 | D:1      | 513 ||| Stepping ~*~*~tactically~*~*~ (stealth).
   515 | D:1      | 515 ||| Stepping ~*~*~tactically~*~*~ (stealth).
   557 | D:1      | 557 ||| Stepping ~*~*~tactically~*~*~ (stealth).
   595 | D:1      | 595 ||| Stepping ~*~*~tactically~*~*~ (stealth).
   596 | D:1      | 596 ||| Stepping ~*~*~tactically~*~*~ (stealth).
   641 | D:1      | 641 ||| UPGRADING to +0 pair of boots.
   646 | D:1      | 646 ||| UPGRADING to +6 ring of dexterity.
   647 | D:1      | 647 ||| READING scroll labelled BICAAV ADUR.
   677 | D:2      | 677 ||| Stepping ~*~*~tactically~*~*~ (stealth).
   692 | D:2      | 692 ||| Stepping ~*~*~tactically~*~*~ (stealth).
   694 | D:2      | 694 ||| Stepping ~*~*~tactically~*~*~ (stealth).
   697 | D:2      | Reached skill level 1 in Throwing
   703 | D:2      | 703 ||| DROPPING +0 club.
   706 | D:2      | 706 ||| Stepping ~*~*~tactically~*~*~ (stealth).
   707 | D:2      | 707 ||| Stepping ~*~*~tactically~*~*~ (stealth).
   734 | D:2      | 734 ||| Stepping ~*~*~tactically~*~*~ (stealth).
   840 | D:2      | Reached skill level 1 in Dodging
   945 | D:2      | 945 ||| Stepping ~*~*~tactically~*~*~ (stealth).
   948 | D:2      | 948 ||| Stepping ~*~*~tactically~*~*~ (stealth).
  1253 | D:2      | 1253 ||| READING scroll labelled NUIFFYU KUOR.
  1254 | D:2      | 1254 ||| READING scroll labelled SAM AZURAN.
  1255 | D:2      | 1255 ||| READING scroll labelled OTUUPS LAORCHAC.
  1336 | D:3      | Found Ukkonuk's Armour Boutique.
  1339 | D:3      | 1339 ||| BUYING +0 chain mail (45 gold).
  1339 | D:3      | Bought a +0 chain mail for 45 gold pieces
  1339 | D:3      | 1339 ||| SHOPLISTING +0 plate armour (230 gold, have 40).
  1339 | D:3      | 1339 ||| SHOPLISTING +0 robe of resistance (277 gold, have
                  | 40).
  1377 | D:3      | Reached XP level 4. HP: 28/28 MP: 4/4
  1529 | D:3      | Noticed Grinder
  1535 | D:3      | Paralysed by Grinder for 4 turns
  1545 | D:3      | Paralysed by Grinder for 2 turns
  1552 | D:3      | Killed Grinder
  1553 | D:3      | Reached skill level 5 in Axes
  1553 | D:3      | Reached XP level 5. HP: 14/32 MP: 5/5
  1553 | D:3      | Reached XP level 6. HP: 16/37 MP: 6/6
  2230 | D:3      | 2230 ||| UPGRADING to +0 chain mail.
  2240 | D:3      | 2240 ||| DROPPING +0 scale mail.
  2241 | D:3      | 2241 ||| DRINKING 2 glowing white potions.
  2353 | D:4      | Noticed Ijyb
  2354 | D:4      | 2354 ||| Stepping ~*~*~tactically~*~*~ (hiding).
  2368 | D:4      | Killed Ijyb
  2500 | D:4      | Noticed qw's ghost (amateur GrFi)
  2501 | D:4      | Found a runed translucent gate.
  2503 | D:4      | Found a runed translucent gate.
  2505 | D:4      | 2505 ||| UPGRADING to +1 pair of gloves.
  2514 | D:4      | Found a runed translucent gate.
  2689 | D:4      | 2689 ||| Stepping ~*~*~tactically~*~*~ (stealth).
  2825 | D:4      | Found a basalt altar of Yredelemnul.
  2855 | D:4      | Reached skill level 6 in Axes
  2855 | D:4      | Reached XP level 7. HP: 39/43 MP: 7/7
  2994 | D:4      | You fall into a shaft and drop 3 floors!
  3174 | D:7      | Noticed a wyvern
  3180 | D:7      | HP: 6/43 [wyvern (14)]
  3185 | D:7      | HP: 4/43 [wyvern (3)]
  3187 | D:7      | HP: 1/43 [wyvern (2)]
  3188 | D:7      | Slain by a wyvern

Levels and vault maps discovered:
D:1:      elethiomel_arrival_diamonds, layout_basic, basic_ecumenical_altar
D:2:      layout_loops_ring, minmay_misc_feat_secret_circle
D:3:      layout_basic, serial_shops, nicolae_shop_behind_doors,
          kennysheep_generic_room_13, uniq_grinder
D:4:      corexii_shack_village, layout_loops_ring,
          nicolae_yredelemnul_corpse_copse, gammafunk_ghost_split, uniq_ijyb
D:7:      layout_basic, grunt_dithmenos_smoke, minmay_temple_entry_butterflies,
          kennysheep_generic_room_9, uniq_prince_ribbit1

Skill      XL: |  1  2  3  4  5  6 |
---------------+-------------------+-----
Axes           | 2 3 5 6 |  6.9
Throwing       | 1 |  1.0
Dodging        | 1 |  1.0
Fighting       | 4 |  4.0
Armour         | |  3.2
Shields        | |  3.2

Action                   |  1- 3 |  4- 6 |  7- 9 || total
-------------------------+-------+-------+-------++-------
Melee: War axe           |    93 |   105 |    43 ||   241
Throw: Javelin           |    44 |    17 |     8 ||    69
  Use: Scroll            |     4 |       |       ||     4
       Potion            |       |     1 |       ||     1
Armor: Scale mail        |    49 |    10 |       ||    59
       Chain mail        |       |    58 |    24 ||    82
Dodge: Dodged            |    38 |    37 |     9 ||    84
Block: Buckler           |    28 |    17 |    11 ||    56

Table legend:
 A = Non-vault XP
 B = Vault XP
 C = Vault XP percentage of total XP
 D = Non-vault monster count
 E = Vault monster count
 F = Vault count percentage of total count
                 A         B        C        D         E       F
            +---------+---------+-------+---------+---------+-------
      Total |     435 |     486 |  52.8 |      63 |      25 |  28.4
            +---------+---------+-------+---------+---------+-------
        D:1 |      29 |      10 |  25.6 |      17 |       7 |  29.2
        D:2 |      36 |       0 |   0.0 |      20 |       0 |   0.0
        D:3 |      55 |     297 |  84.4 |      10 |       2 |  16.7
        D:4 |     106 |     179 |  62.8 |      14 |      16 |  53.3
        D:7 |     209 |       0 |   0.0 |       2 |       0 |   0.0
            +---------+---------+-------+---------+---------+-------
